Blackhawks vs Wild

Created - 1 octobre 2019 at 18:23

Simulating a Pre-Season

Goals
1 2 3 T
Blackhawks 1 0 0 1
Wild 0 3 2 5
Shots
1 2 3 T
Blackhawks 15 11 3 29
Wild 14 13 13 40

1st period

1. Blackhawks , Alex Steen 3 (Mikael Backlund 7, Andrew Shaw 3) at 15:15

Penalties :
Brad Marchand (MIW) for Roughing (Minor) at 7:40, Niklas Hjalmarsson (CHI) for Holding (Minor) at 16:36

2nd period

2. Wild , Jack Eichel 4 (Brad Marchand 5, Jakob Silfverberg 2) at 1:10
3. Wild , T.J. Oshie 5 (Evgeny Kuznetsov 4, Frank Vatrano 1) at 5:39 (PP)
4. Wild , Jack Eichel 5 (Brad Marchand 6) at 18:01

Penalties :
Niklas Hjalmarsson (CHI) for Hooking (Minor) at 5:04

3rd period

5. Wild , Evgeny Kuznetsov 2 (Frank Vatrano 2) at 5:31 (PP)
6. Wild , Jakob Silfverberg 2 (Marc Staal 3, Jack Eichel 8) at 19:51

Penalties :
Tyler Bertuzzi (CHI) for Hooking (Minor) at 4:56, Eric Staal (CHI) for Tripping (Minor) at 8:54

Goalie Stats

David Rittich (CHI), 35 saves from 40 shots - (0,875), L, 1-1-0, 60:00 minutes
Anton Khudobin (MIW), 28 saves from 29 shots - (0,966), W, 7-3-0, 60:00 minutes

Players Stats for Blackhawks

Player Name              G  A  P  +/- PIM S  H  SB GA TA FO     MP     PP MP  PK MP  
------------------------------------------------------------------------------------
Alex Steen               1  0  1   0  0   2  1  0  0  1  1/2    14:05   0:52   0:00 
Andrew Shaw              0  1  1   0  0   3  3  0  0  0  0/2    14:04   0:52   0:00 
Andy Greene              0  0  0  -1  0   3  0  4  1  0  0/0    28:01   1:13   2:58 
Austin Strand            0  0  0   0  0   0  1  1  0  0  0/0     4:38   0:00   0:12 
Brett Connolly           0  0  0   0  0   0  2  2  0  0  1/1    11:42   0:00   0:40 
Brock McGinn             0  0  0   0  0   0  0  0  0  0  0/0     0:00   0:00   0:00 
Cam Atkinson             0  0  0  -2  0   5  0  1  1  0  1/3    22:34   1:07   3:11 
Carl Hagelin             0  0  0   0  0   0  0  0  0  0  0/0    10:22   0:00   0:00 
Derek Forbort            0  0  0   0  0   1  0  3  0  0  0/0    19:15   0:46   2:10 
Eric Staal               0  0  0  -2  2   4  2  1  0  0  19/28  19:59   1:07   0:35 
Gavin Bayreuther         0  0  0   0  0   2  1  2  0  1  0/0    19:15   0:46   2:10 
Luke Kunin               0  0  0   0  0   0  1  0  1  0  1/1    10:43   0:00   0:19 
Markus Nutivaara         0  0  0  -1  0   1  2  1  0  0  0/0    12:44   0:00   0:00 
Mikael Backlund          0  1  1   0  0   3  1  1  1  0  8/14   15:22   0:52   1:17 
Niklas Hjalmarsson       0  0  0  -1  4   0  0  2  0  1  0/0    21:34   1:13   1:07 
Steven Kampfer           0  0  0  -1  0   1  0  0  0  0  0/0    14:42   0:00   1:39 
Tyler Bertuzzi           0  0  0   0  2   0  0  0  3  0  0/0    10:21   0:00   0:00 
Vladislav Namestnikov    0  0  0   0  0   1  2  1  0  1  2/4    10:49   0:00   0:00 
Yanni Gourde             0  0  0   0  0   1  2  1  0  0  0/0    12:03   0:00   1:03 
Zach Parise              0  0  0  -2  0   2  0  0  1  0  3/7    22:34   1:07   3:11 

Players Stats for Wild

Player Name              G  A  P  +/- PIM S  H  SB GA TA FO     MP     PP MP  PK MP  
------------------------------------------------------------------------------------
Adrian Kempe             0  0  0   0  0   0  1  0  0  0  0/0    11:57   0:00   0:00 
Brad Marchand            0  2  2   2  2   6  1  0  0  2  0/3    20:23   2:25   0:00 
Brayden McNabb           0  0  0   0  0   2  0  0  0  0  0/0    21:42   0:00   1:06 
Chris Tierney            0  0  0   0  0   3  3  0  0  1  3/6    12:59   0:00   1:02 
Christian Dvorak         0  0  0   0  0   2  1  0  1  0  0/1    11:39   0:00   0:44 
Evgeny Kuznetsov         1  1  2   0  0   7  5  0  1  0  11/20  17:01   2:43   0:12 
Frank Vatrano            0  2  2   0  0   0  4  0  0  1  0/0    16:49   2:43   0:00 
Jack Eichel              2  1  3   2  0   4  0  0  0  0  12/28  21:08   2:25   0:45 
Jakob Silfverberg        1  1  2   2  0   1  2  1  0  0  0/1    17:10   0:01   1:02 
Kris Letang              0  0  0   0  0   1  0  0  0  0  0/0    23:42   2:50   0:00 
Lawson Crouse            0  0  0   0  0   5  0  0  0  1  0/0     9:05   0:00   0:13 
Marc Staal               0  1  1   3  0   0  0  5  0  0  0/0    19:34   0:00   1:06 
Michal Kempny            0  0  0  -1  0   0  2  0  0  1  0/0    16:44   2:18   0:53 
Ryan Hartman             0  0  0   0  0   0  0  0  0  1  0/1     8:52   0:00   0:00 
Ryan Suter               0  0  0   3  0   1  2  2  0  1  0/0    23:56   2:50   0:53 
Samuel Girard            0  0  0  -1  0   1  0  0  0  0  0/0    14:22   2:18   0:00 
T.J. Oshie               1  0  1   0  0   4  1  1  1  0  0/2    16:49   2:43   0:00 
William Nylander         0  0  0   0  0   3  1  0  1  0  0/0    14:08   2:24   0:00 

3 Stars

1 - Jack Eichel (MIW)
2 - Jakob Silfverberg (MIW)
3 - Evgeny Kuznetsov (MIW)

Power Play

Blackhawks - 0 on 0 Attempt(s) - 0,00%
Wild - 2 on 5 Attempt(s) - 40,00%

Penalty Kill

Blackhawks - 3 on 5 Attempt(s) - 60,00% - Score 0 goal in Penalty Kill
Wild - 0 on 0 Attempt(s) - 0,00% - Score 0 goal in Penalty Kill

Team Stat

Blackhawks - Hits : 18 - Faceoff Wins : 36 - Blocked Shots : 20 - Penalty Minutes : 8
Wild - Hits : 23 - Faceoff Wins : 26 - Blocked Shots : 9 - Penalty Minutes : 2

Official

Referees : Jon Mclsaac and Kevin Pollock
Linesman : Mark Wheler and Michel Cormier

Game Notes

16:13 of 1st period - Penalty Shot by Andrew Shaw for Blackhawks - Stopped by Anton Khudobin

Blackhawks

5 vs 5 Forward 
   Center                   Left Wing                Right Wing               Time % Phy DF OF 
 1 Eric Staal               Zach Parise              Cam Atkinson             40     1   2  2  
 2 Mikael Backlund          Alex Steen               Andrew Shaw              30     1   2  2  
 3 Vladislav Namestnikov    Yanni Gourde             Brett Connolly           20     1   2  2  
 4 Luke Kunin               Tyler Bertuzzi           Carl Hagelin             10     1   2  2  

5 vs 5 Defense 
   Defense                  Defense                                           Time % Phy DF OF 
 1 Andy Greene              Niklas Hjalmarsson                                40     1   2  2  
 2 Derek Forbort            Gavin Bayreuther                                  30     1   2  2  
 3 Markus Nutivaara         Steven Kampfer                                    20     1   2  2  
 4 Austin Strand            Andy Greene                                       10     1   2  2  

PowerPlay Forward 
   Center                   Left Wing                Right Wing               Time % Phy DF OF 
 1 Eric Staal               Zach Parise              Cam Atkinson             60     1   2  2  
 2 Mikael Backlund          Alex Steen               Andrew Shaw              40     1   2  2  

PowerPlay Defense
   Defense                  Defense                                           Time % Phy DF OF 
 1 Andy Greene              Niklas Hjalmarsson                                60     1   2  2  
 2 Derek Forbort            Gavin Bayreuther                                  40     1   2  2  

Penalty Kill 4 Players Forward 
   Center                   Wing                     Time % Phy DF OF 
 1 Zach Parise              Cam Atkinson             60     1   2  2  
 2 Eric Staal               Mikael Backlund          40     1   2  2  

Penalty Kill 4 Players Defense
   Defense                  Defense                  Time % Phy DF OF 
 1 Andy Greene              Niklas Hjalmarsson       60     1   2  2  
 2 Derek Forbort            Gavin Bayreuther         40     1   2  2  

Penalty Kill - 3 Players Forward 
   Forward                                           Time % Phy DF OF 
 1 Zach Parise                                       60     1   2  2  
 2 Cam Atkinson                                      40     1   2  2  

Penalty Kill - 3 Players Defense
   Defense                  Defense                  Time % Phy DF OF 
 1 Andy Greene              Niklas Hjalmarsson       60     1   2  2  
 2 Derek Forbort            Gavin Bayreuther         40     1   2  2  

4 vs 4 Forward 
   Center                   Wing                     Time % Phy DF OF 
 1 Zach Parise              Cam Atkinson             60     1   2  2  
 2 Eric Staal               Mikael Backlund          40     1   2  2  

4 vs 4 Defense
   Defense                  Defense                  Time % Phy DF OF 
 1 Andy Greene              Niklas Hjalmarsson       60     1   2  2  
 2 Derek Forbort            Gavin Bayreuther         40     1   2  2  

Last Minutes Offensive
   Center                   Left Wing                Right Wing               Defense                  Defense                  
   Eric Staal               Zach Parise              Cam Atkinson             Andy Greene              Niklas Hjalmarsson       

Last Minutes Defensive
   Center                   Left Wing                Right Wing               Defense                  Defense                  
   Eric Staal               Zach Parise              Cam Atkinson             Andy Greene              Niklas Hjalmarsson       

Goaltenders
Starting : David Rittich            
Backup : Frederik Andersen        

Extra Forwards
Normal : Brock McGinn, Vladislav Namestnikov, Yanni Gourde - PP : Brock McGinn, Vladislav Namestnikov - PK : Yanni Gourde
Extra Defensemen
Normal : Markus Nutivaara, Steven Kampfer, Austin Strand - PP : Markus Nutivaara - PK : Steven Kampfer, Austin Strand
Penalty Shots
Zach Parise, Cam Atkinson, Eric Staal, Mikael Backlund, Alex Steen
Custom OT Lines Forwards
Zach Parise, Cam Atkinson, Eric Staal, Mikael Backlund, Alex Steen, Andrew Shaw, Vladislav Namestnikov, Yanni Gourde, Tyler Bertuzzi, Brett Connolly
Custom OT Lines Defensemen
Andy Greene, Niklas Hjalmarsson, Derek Forbort, Gavin Bayreuther, Markus Nutivaara

Scratches
Brandon Davidson (Right Knee Injury), Sven Andrighetto (Healthy)

Wild

5 vs 5 Forward 
   Center                   Left Wing                Right Wing               Time % Phy DF OF 
 1 Jack Eichel              Brad Marchand            Jakob Silfverberg        40     1   2  2  
 2 Evgeny Kuznetsov         T.J. Oshie               Frank Vatrano            30     1   2  2  
 3 Chris Tierney            Adrian Kempe             William Nylander         20     1   2  2  
 4 Christian Dvorak         Lawson Crouse            Ryan Hartman             10     1   2  2  

5 vs 5 Defense 
   Defense                  Defense                                           Time % Phy DF OF 
 1 Kris Letang              Brayden McNabb                                    40     1   2  2  
 2 Marc Staal               Ryan Suter                                        40     1   2  2  
 3 Michal Kempny            Samuel Girard                                     20     1   2  2  
 4 Kris Letang              Ryan Suter                                        0      1   2  2  

PowerPlay Forward 
   Center                   Left Wing                Right Wing               Time % Phy DF OF 
 1 Jack Eichel              Brad Marchand            William Nylander         50     1   2  2  
 2 Evgeny Kuznetsov         T.J. Oshie               Frank Vatrano            50     1   2  2  

PowerPlay Defense
   Defense                  Defense                                           Time % Phy DF OF 
 1 Kris Letang              Ryan Suter                                        65     1   2  2  
 2 Samuel Girard            Michal Kempny                                     35     1   2  2  

Penalty Kill 4 Players Forward 
   Center                   Wing                     Time % Phy DF OF 
 1 Chris Tierney            Jakob Silfverberg        70     1   4  0  
 2 Christian Dvorak         Lawson Crouse            30     2   3  0  

Penalty Kill 4 Players Defense
   Defense                  Defense                  Time % Phy DF OF 
 1 Marc Staal               Brayden McNabb           70     1   4  0  
 2 Michal Kempny            Ryan Suter               30     1   4  0  

Penalty Kill - 3 Players Forward 
   Forward                                           Time % Phy DF OF 
 1 Chris Tierney                                     65     0   5  0  
 2 Jakob Silfverberg                                 35     0   5  0  

Penalty Kill - 3 Players Defense
   Defense                  Defense                  Time % Phy DF OF 
 1 Marc Staal               Brayden McNabb           80     1   2  2  
 2 Michal Kempny            Ryan Suter               20     1   2  2  

4 vs 4 Forward 
   Center                   Wing                     Time % Phy DF OF 
 1 Jack Eichel              Brad Marchand            60     1   2  2  
 2 Evgeny Kuznetsov         T.J. Oshie               40     1   2  2  

4 vs 4 Defense
   Defense                  Defense                  Time % Phy DF OF 
 1 Kris Letang              Ryan Suter               60     1   2  2  
 2 Marc Staal               Brayden McNabb           40     1   2  2  

Last Minutes Offensive
   Center                   Left Wing                Right Wing               Defense                  Defense                  
   Jack Eichel              Brad Marchand            Evgeny Kuznetsov         Kris Letang              Ryan Suter               

Last Minutes Defensive
   Center                   Left Wing                Right Wing               Defense                  Defense                  
   Chris Tierney            Lawson Crouse            Jakob Silfverberg        Marc Staal               Brayden McNabb           

Goaltenders
Starting : Anton Khudobin           
Backup : Linus Ullmark            

Extra Forwards
Normal : Evgeny Kuznetsov, Jack Eichel, Brad Marchand - PP : Brad Marchand, Frank Vatrano - PK : Jakob Silfverberg
Extra Defensemen
Normal : Michal Kempny, Kris Letang, Marc Staal - PP : Michal Kempny - PK : Kris Letang, Marc Staal
Penalty Shots
Jack Eichel, Brad Marchand, Evgeny Kuznetsov, T.J. Oshie, Jakob Silfverberg
Custom OT Lines Forwards
Jack Eichel, Brad Marchand, Evgeny Kuznetsov, T.J. Oshie, Jakob Silfverberg, Chris Tierney, Frank Vatrano, Adrian Kempe, William Nylander, Ryan Hartman
Custom OT Lines Defensemen
Kris Letang, Ryan Suter, Marc Staal, Brayden McNabb, Michal Kempny

Scratches
Anton Lindholm (Healthy)

% Time on Ice - Blackhawks

Lines # - Real PCT - Wanted PCT - Time Play
Normal Forward
1 - 35% - 40% - 18:29
2 - 25% - 30% - 13:13
3 - 20% - 20% - 10:49
4 - 20% - 10% - 10:22
Normal Defense
1 - 38% - 40% - 20:07
2 - 31% - 30% - 16:19
3 - 23% - 20% - 12:01
4 - 8% - 10% - 4:26
PP Forward
1 - 56% - 60% - 1:07
2 - 44% - 40% - 0:52
PP Defense
1 - 61% - 60% - 1:13
2 - 39% - 40% - 0:46
PK Forward
1 - 75% - 60% - 3:51
2 - 25% - 40% - 1:17
PK Defense
1 - 58% - 60% - 2:58
2 - 42% - 40% - 2:10
PK3 Forward
1 - 0% - 60%
2 - 0% - 40%
PK3 Defense
1 - 0% - 60%
2 - 0% - 40%
44 Forward
1 - 0% - 60%
2 - 0% - 40%
44 Defense
1 - 0% - 60%
2 - 0% - 40%
Last Minute Offensive  - 0:00
Last Minute Defensive  - 0:00
Total
Forward - 60:00
Defense - 60:00

% Time on Ice - Wild

Lines # - Real PCT - Wanted PCT - Time Play
Normal Forward
1 - 34% - 40% - 17:58
2 - 27% - 30% - 14:06
3 - 23% - 20% - 11:57
4 - 17% - 10% - 8:52
Normal Defense
1 - 39% - 40% - 20:32
2 - 39% - 40% - 20:27
3 - 22% - 20% - 11:34
4 - 1% - 0% - 0:20
PP Forward
1 - 47% - 50% - 2:25
2 - 53% - 50% - 2:43
PP Defense
1 - 55% - 65% - 2:50
2 - 45% - 35% - 2:18
PK Forward
1 - 100% - 70% - 1:59
2 - 0% - 30% - 0:00
PK Defense
1 - 55% - 70% - 1:06
2 - 45% - 30% - 0:53
PK3 Forward
1 - 0% - 65%
2 - 0% - 35%
PK3 Defense
1 - 0% - 80%
2 - 0% - 20%
44 Forward
1 - 0% - 60%
2 - 0% - 40%
44 Defense
1 - 0% - 60%
2 - 0% - 40%
Last Minute Offensive  - 0:00
Last Minute Defensive  - 0:00
Total
Forward - 60:00
Defense - 60:00

Play-by-Play

1st period


0:01 of 1st period - Eric Staal wins face-off versus Jack Eichel in neutral zone.
0:56 of 1st period - Slapshot by William Nylander.
0:56 of 1st period - Stopped by David Rittich with a rebound.
0:58 of 1st period - Slapshot by Kris Letang.
0:58 of 1st period - Shot Misses the Net.
1:00 of 1st period - Slapshot by Kris Letang.
1:00 of 1st period - Shot Blocked by Niklas Hjalmarsson.
1:18 of 1st period - Snap shot by William Nylander.
1:18 of 1st period - Stopped by David Rittich with a rebound.
1:24 of 1st period - Snap shot by William Nylander.
1:24 of 1st period - Shot Blocked by Andy Greene.
1:38 of 1st period - Snap shot by Chris Tierney.
1:38 of 1st period - Shot Misses the Net.
1:40 of 1st period - Snap shot by Chris Tierney.
1:40 of 1st period - Stopped by David Rittich with a rebound.
2:01 of 1st period - Wrist shot by Chris Tierney.
2:01 of 1st period - Shot Blocked by Andy Greene.
2:03 of 1st period - Slapshot by Brayden McNabb.
2:03 of 1st period - Shot Misses the Net.
2:07 of 1st period - Slapshot by Kris Letang.
2:07 of 1st period - Shot Blocked by Andy Greene.
2:09 of 1st period - Snap shot by Brayden McNabb.
2:09 of 1st period - Shot Misses the Net.
2:11 of 1st period - Slapshot by Brayden McNabb.
2:11 of 1st period - Shot Misses the Net.
2:13 of 1st period - Snap shot by Adrian Kempe.
2:13 of 1st period - Shot Blocked by Andy Greene.
2:15 of 1st period - Wrist shot by Chris Tierney.
2:15 of 1st period - Stopped by David Rittich with a rebound.
2:21 of 1st period - Wrist shot by William Nylander.
2:21 of 1st period - Stopped by David Rittich without a rebound.
2:22 of 1st period - Evgeny Kuznetsov wins face-off versus Mikael Backlund in Blackhawks zone.
2:25 of 1st period - Wrist shot by Evgeny Kuznetsov.
2:25 of 1st period - Deflect By Andrew Shaw.
2:25 of 1st period - Shot Blocked by Gavin Bayreuther.
2:25 of 1st period - Puck is out of play.
2:26 of 1st period - Mikael Backlund wins face-off versus Evgeny Kuznetsov in Blackhawks zone.
3:39 of 1st period - Snap shot by Andrew Shaw.
3:39 of 1st period - Shot Blocked by T.J. Oshie.
3:51 of 1st period - Michal Kempny is hit by Vladislav Namestnikov and loses puck.
4:06 of 1st period - Steven Kampfer is hit by Michal Kempny and loses puck.
4:19 of 1st period - Wrist shot by Jack Eichel.
4:19 of 1st period - Shot Misses the Net.
4:31 of 1st period - Snap shot by Mikael Backlund.
4:31 of 1st period - Stopped by Anton Khudobin without a rebound.
4:32 of 1st period - Evgeny Kuznetsov wins face-off versus Vladislav Namestnikov in Wild zone.
4:32 of 1st period - Evgeny Kuznetsov is hit by Yanni Gourde.
4:42 of 1st period - Slapshot by Yanni Gourde.
4:42 of 1st period - Shot Misses the Net.
5:02 of 1st period - Wrist shot by Andrew Shaw.
5:02 of 1st period - Shot Blocked by Ryan Suter.
5:04 of 1st period - Snap shot by Mikael Backlund.
5:04 of 1st period - Shot Blocked by Marc Staal.
5:46 of 1st period - T.J. Oshie is hit by Andrew Shaw and loses puck.
6:18 of 1st period - Off-side.
6:19 of 1st period - Chris Tierney wins face-off versus Vladislav Namestnikov in neutral zone.
6:44 of 1st period - Vladislav Namestnikov is hit by Michal Kempny and loses puck.
7:11 of 1st period - Gavin Bayreuther is hit by Chris Tierney and loses puck.
7:23 of 1st period - Icing by Yanni Gourde.
7:24 of 1st period - Vladislav Namestnikov wins face-off versus Jack Eichel in Blackhawks zone.
7:29 of 1st period - Wrist shot by Vladislav Namestnikov.
7:29 of 1st period - Stopped by Anton Khudobin with a rebound.
7:31 of 1st period - Snap shot by Gavin Bayreuther.
7:31 of 1st period - Shot Misses the Net.
7:33 of 1st period - Snap shot by Gavin Bayreuther.
7:33 of 1st period - Stopped by Anton Khudobin without a rebound.
7:34 of 1st period - Mikael Backlund wins face-off versus Brad Marchand in Wild zone.
7:40 of 1st period - Minor Penalty to Brad Marchand for Roughing.
7:41 of 1st period - Eric Staal wins face-off versus Chris Tierney in Wild zone.
7:41 of 1st period - Snap shot by Cam Atkinson.
7:41 of 1st period - Deflect By Eric Staal.
7:41 of 1st period - Shot Misses the Net.
7:41 of 1st period - Puck is out of play.
7:42 of 1st period - Eric Staal wins face-off versus Chris Tierney in Wild zone.
7:45 of 1st period - Snap shot by Cam Atkinson.
7:45 of 1st period - Stopped by Anton Khudobin without a rebound.
7:46 of 1st period - Eric Staal wins face-off versus Chris Tierney in Wild zone.
9:40 of 1st period - Penalty to Brad Marchand is over, Brad Marchand is back on ice.
10:18 of 1st period - Snap shot by Brad Marchand.
10:18 of 1st period - Stopped by David Rittich with a rebound.
10:48 of 1st period - Snap shot by Tyler Bertuzzi.
10:48 of 1st period - Shot Misses the Net.
11:02 of 1st period - Snap shot by Brad Marchand.
11:02 of 1st period - Shot Blocked by Derek Forbort.
11:30 of 1st period - Snap shot by Jack Eichel.
11:30 of 1st period - Stopped by David Rittich without a rebound.
11:31 of 1st period - Evgeny Kuznetsov wins face-off versus Eric Staal in Blackhawks zone.
11:32 of 1st period - Snap shot by T.J. Oshie.
11:32 of 1st period - Shot Blocked by Niklas Hjalmarsson.
11:42 of 1st period - Snap shot by Zach Parise.
11:42 of 1st period - Stopped by Anton Khudobin with a rebound.
11:44 of 1st period - Wrist shot by Andy Greene.
11:44 of 1st period - Stopped by Anton Khudobin without a rebound.
11:45 of 1st period - Evgeny Kuznetsov wins face-off versus Andrew Shaw in Wild zone.
11:54 of 1st period - Slapshot by T.J. Oshie.
11:54 of 1st period - Stopped by David Rittich with a rebound.
11:56 of 1st period - Snap shot by Evgeny Kuznetsov.
11:56 of 1st period - Stopped by David Rittich without a rebound.
11:57 of 1st period - Evgeny Kuznetsov wins face-off versus Eric Staal in Blackhawks zone.
12:06 of 1st period - Snap shot by Evgeny Kuznetsov.
12:06 of 1st period - Stopped by David Rittich without a rebound.
12:07 of 1st period - Eric Staal wins face-off versus Evgeny Kuznetsov in Blackhawks zone.
12:31 of 1st period - Wrist shot by Eric Staal.
12:31 of 1st period - Stopped by Anton Khudobin with a rebound.
12:33 of 1st period - Slapshot by Eric Staal.
12:33 of 1st period - Stopped by Anton Khudobin without a rebound.
12:34 of 1st period - Chris Tierney wins face-off versus Andrew Shaw in Wild zone.
12:41 of 1st period - Snap shot by Alex Steen.
12:41 of 1st period - Shot Misses the Net.
13:05 of 1st period - Icing by Marc Staal.
13:06 of 1st period - Chris Tierney wins face-off versus Eric Staal in Wild zone.
13:21 of 1st period - Wrist shot by Chris Tierney.
13:21 of 1st period - Stopped by David Rittich without a rebound.
13:22 of 1st period - Mikael Backlund wins face-off versus Jack Eichel in Blackhawks zone.
14:53 of 1st period - Snap shot by Zach Parise.
14:53 of 1st period - Shot Blocked by Marc Staal.
14:55 of 1st period - Slapshot by Eric Staal.
14:55 of 1st period - Stopped by Anton Khudobin with a rebound.
14:57 of 1st period - Wrist shot by Cam Atkinson.
14:57 of 1st period - Shot Blocked by Marc Staal.
14:59 of 1st period - Wrist shot by Zach Parise.
14:59 of 1st period - Stopped by Anton Khudobin without a rebound.
15:00 of 1st period - Mikael Backlund wins face-off versus Jack Eichel in Wild zone.
15:01 of 1st period - Wrist shot by Andrew Shaw.
15:01 of 1st period - Shot Blocked by Jakob Silfverberg.
15:03 of 1st period - Snap shot by Mikael Backlund.
15:03 of 1st period - Stopped by Anton Khudobin without a rebound.
15:04 of 1st period - Jack Eichel wins face-off versus Mikael Backlund in Wild zone.
15:13 of 1st period - Wrist shot by Mikael Backlund.
15:13 of 1st period - Shot Misses the Net.
15:15 of 1st period - Snap shot by Alex Steen.
15:15 of 1st period - Goal by Alex Steen - Blackhawks : 1 - Wild : 0.
15:16 of 1st period - Eric Staal wins face-off versus Evgeny Kuznetsov in neutral zone.
15:25 of 1st period - Wrist shot by Zach Parise.
15:25 of 1st period - Deflect By Eric Staal.
15:25 of 1st period - Stopped by Anton Khudobin with a rebound.
15:27 of 1st period - Snap shot by Cam Atkinson.
15:27 of 1st period - Stopped by Anton Khudobin without a rebound.
15:28 of 1st period - Jack Eichel wins face-off versus Eric Staal in Wild zone.
15:55 of 1st period - Frank Vatrano is hit by Andrew Shaw and loses puck.
16:02 of 1st period - Wrist shot by Mikael Backlund.
16:02 of 1st period - Stopped by Anton Khudobin without a rebound.
16:03 of 1st period - Mikael Backlund wins face-off versus Evgeny Kuznetsov in Wild zone.
16:13 of 1st period - Penalty Shot by Andrew Shaw for Blackhawks.
16:13 of 1st period - Snap shot by Andrew Shaw.
16:13 of 1st period - Stopped by Anton Khudobin.
16:14 of 1st period - Jack Eichel wins face-off versus Eric Staal in Blackhawks zone.
16:20 of 1st period - Slapshot by Brad Marchand.
16:20 of 1st period - Stopped by David Rittich with a rebound.
16:22 of 1st period - Slapshot by Marc Staal.
16:22 of 1st period - Shot Misses the Net.
16:36 of 1st period - Minor Penalty to Niklas Hjalmarsson for Holding.
16:37 of 1st period - Zach Parise wins face-off versus Jack Eichel in Blackhawks zone.
16:46 of 1st period - Wrist shot by Brad Marchand.
16:46 of 1st period - Stopped by David Rittich with a rebound.
17:12 of 1st period - Wrist shot by T.J. Oshie.
17:12 of 1st period - Stopped by David Rittich without a rebound.
17:13 of 1st period - Jack Eichel wins face-off versus Zach Parise in Blackhawks zone.
17:45 of 1st period - Mikael Backlund is hit by Evgeny Kuznetsov and loses puck.
18:36 of 1st period - Penalty to Niklas Hjalmarsson is over, Niklas Hjalmarsson is back on ice.
Goals for this period are 1 for Blackhawks vs 0 for Wild.
Shots for this period are 15 for Blackhawks vs 14 for Wild.

2nd period


0:01 of 2nd period - Eric Staal wins face-off versus Jakob Silfverberg in neutral zone.
0:36 of 2nd period - Slapshot by Kris Letang.
0:36 of 2nd period - Shot Blocked by Derek Forbort.
0:38 of 2nd period - Snap shot by Lawson Crouse.
0:38 of 2nd period - Stopped by David Rittich with a rebound.
0:40 of 2nd period - Snap shot by Ryan Hartman.
0:40 of 2nd period - Shot Blocked by Derek Forbort.
0:56 of 2nd period - Backhand shot by Andrew Shaw.
0:56 of 2nd period - Stopped by Anton Khudobin without a rebound.
0:57 of 2nd period - Jack Eichel wins face-off versus Mikael Backlund in Wild zone.
1:04 of 2nd period - Wrist shot by Jack Eichel.
1:04 of 2nd period - Shot Blocked by Markus Nutivaara.
1:10 of 2nd period - Wrist shot by Jack Eichel.
1:10 of 2nd period - Goal by Jack Eichel - Blackhawks : 1 - Wild : 1.
1:11 of 2nd period - Jack Eichel wins face-off versus Zach Parise in neutral zone.
1:23 of 2nd period - Wrist shot by Zach Parise.
1:23 of 2nd period - Shot Misses the Net.
1:37 of 2nd period - Andy Greene is hit by Evgeny Kuznetsov.
1:41 of 2nd period - Andrew Shaw is hit by Evgeny Kuznetsov and loses puck.
2:06 of 2nd period - Wrist shot by Brett Connolly.
2:06 of 2nd period - Shot Misses the Net.
2:16 of 2nd period - Derek Forbort is hit by William Nylander and loses puck.
2:23 of 2nd period - Michal Kempny is hit by Luke Kunin and loses puck.
2:38 of 2nd period - Wrist shot by Mikael Backlund.
2:38 of 2nd period - Shot Misses the Net.
3:06 of 2nd period - Backhand shot by Cam Atkinson.
3:06 of 2nd period - Stopped by Anton Khudobin without a rebound.
3:07 of 2nd period - Eric Staal wins face-off versus T.J. Oshie in Wild zone.
3:20 of 2nd period - Wrist shot by T.J. Oshie.
3:20 of 2nd period - Shot Misses the Net.
3:22 of 2nd period - Snap shot by Brayden McNabb.
3:22 of 2nd period - Stopped by David Rittich with a rebound.
3:32 of 2nd period - Andy Greene is hit by Brad Marchand.
4:02 of 2nd period - Wrist shot by Christian Dvorak.
4:02 of 2nd period - Stopped by David Rittich without a rebound.
4:03 of 2nd period - Eric Staal wins face-off versus Evgeny Kuznetsov in Blackhawks zone.
4:38 of 2nd period - Slapshot by Mikael Backlund.
4:38 of 2nd period - Shot Misses the Net.
5:04 of 2nd period - Minor Penalty to Niklas Hjalmarsson for Hooking.
5:05 of 2nd period - Evgeny Kuznetsov wins face-off versus Cam Atkinson in Blackhawks zone.
5:30 of 2nd period - Steven Kampfer is hit by Frank Vatrano and loses puck.
5:39 of 2nd period - Wrist shot by T.J. Oshie.
5:39 of 2nd period - Goal by T.J. Oshie - Blackhawks : 1 - Wild : 2.
5:40 of 2nd period - Mikael Backlund wins face-off versus Jack Eichel in neutral zone.
5:53 of 2nd period - Wrist shot by Andrew Shaw.
5:53 of 2nd period - Stopped by Anton Khudobin with a rebound.
6:26 of 2nd period - Snap shot by Kris Letang.
6:26 of 2nd period - Deflect By Niklas Hjalmarsson.
6:26 of 2nd period - Stopped by David Rittich with a rebound.
6:28 of 2nd period - Slapshot by Brayden McNabb.
6:28 of 2nd period - Deflect By Eric Staal.
6:28 of 2nd period - Stopped by David Rittich with a rebound.
6:30 of 2nd period - Slapshot by Lawson Crouse.
6:30 of 2nd period - Stopped by David Rittich without a rebound.
6:31 of 2nd period - Eric Staal wins face-off versus Jack Eichel in Blackhawks zone.
6:50 of 2nd period - Wrist shot by Cam Atkinson.
6:50 of 2nd period - Stopped by Anton Khudobin without a rebound.
6:51 of 2nd period - Mikael Backlund wins face-off versus Evgeny Kuznetsov in Wild zone.
6:56 of 2nd period - Snap shot by Mikael Backlund.
6:56 of 2nd period - Shot Misses the Net.
6:58 of 2nd period - Slapshot by Alex Steen.
6:58 of 2nd period - Stopped by Anton Khudobin with a rebound.
7:00 of 2nd period - Snap shot by Andrew Shaw.
7:00 of 2nd period - Shot Misses the Net.
7:02 of 2nd period - Slapshot by Mikael Backlund.
7:02 of 2nd period - Shot Misses the Net.
7:04 of 2nd period - Snap shot by Derek Forbort.
7:04 of 2nd period - Stopped by Anton Khudobin without a rebound.
7:05 of 2nd period - Eric Staal wins face-off versus Jack Eichel in Wild zone.
7:11 of 2nd period - Icing by Ryan Suter.
7:12 of 2nd period - Eric Staal wins face-off versus Brad Marchand in Wild zone.
7:27 of 2nd period - Snap shot by Eric Staal.
7:27 of 2nd period - Deflect By Cam Atkinson.
7:27 of 2nd period - Shot Blocked by Marc Staal.
7:27 of 2nd period - Puck is out of play.
7:28 of 2nd period - Evgeny Kuznetsov wins face-off versus Alex Steen in Wild zone.
7:53 of 2nd period - Jack Eichel is hit by Eric Staal and loses puck.
8:22 of 2nd period - Slapshot by Kris Letang.
8:22 of 2nd period - Deflect By Christian Dvorak.
8:22 of 2nd period - Shot Blocked by Gavin Bayreuther.
8:22 of 2nd period - Puck is out of play.
8:23 of 2nd period - Evgeny Kuznetsov wins face-off versus Mikael Backlund in Blackhawks zone.
9:32 of 2nd period - Wrist shot by Yanni Gourde.
9:32 of 2nd period - Stopped by Anton Khudobin without a rebound.
9:33 of 2nd period - Brett Connolly wins face-off versus Ryan Hartman in Wild zone.
10:02 of 2nd period - Snap shot by Christian Dvorak.
10:02 of 2nd period - Shot Misses the Net.
10:24 of 2nd period - Zach Parise is hit by Christian Dvorak and loses puck.
10:30 of 2nd period - Icing by Niklas Hjalmarsson.
10:31 of 2nd period - Eric Staal wins face-off versus Jack Eichel in Blackhawks zone.
11:46 of 2nd period - Snap shot by Cam Atkinson.
11:46 of 2nd period - Stopped by Anton Khudobin with a rebound.
11:48 of 2nd period - Slapshot by Andy Greene.
11:48 of 2nd period - Stopped by Anton Khudobin without a rebound.
11:49 of 2nd period - Evgeny Kuznetsov wins face-off versus Mikael Backlund in Wild zone.
12:06 of 2nd period - Ryan Suter is hit by Alex Steen and loses puck.
12:17 of 2nd period - Brett Connolly is hit by Jakob Silfverberg and loses puck.
13:48 of 2nd period - Brayden McNabb is hit by Markus Nutivaara and loses puck.
14:10 of 2nd period - Kris Letang is hit by Yanni Gourde and loses puck.
14:51 of 2nd period - Backhand shot by Evgeny Kuznetsov.
14:51 of 2nd period - Stopped by David Rittich without a rebound.
14:52 of 2nd period - Vladislav Namestnikov wins face-off versus Evgeny Kuznetsov in Blackhawks zone.
15:26 of 2nd period - Zach Parise is hit by Jakob Silfverberg and loses puck.
15:37 of 2nd period - Chris Tierney is hit by Andrew Shaw and loses puck.
15:58 of 2nd period - Carl Hagelin is hit by Evgeny Kuznetsov and loses puck.
16:07 of 2nd period - Wrist shot by Evgeny Kuznetsov.
16:07 of 2nd period - Shot Hit the Post.
16:09 of 2nd period - Slapshot by Samuel Girard.
16:09 of 2nd period - Stopped by David Rittich without a rebound.
16:10 of 2nd period - Jack Eichel wins face-off versus Cam Atkinson in Blackhawks zone.
16:21 of 2nd period - Wrist shot by Jack Eichel.
16:21 of 2nd period - Stopped by David Rittich with a rebound.
16:23 of 2nd period - Snap shot by Jakob Silfverberg.
16:23 of 2nd period - Shot Misses the Net.
17:00 of 2nd period - Chris Tierney is hit by Brett Connolly and loses puck.
17:32 of 2nd period - Wrist shot by Brett Connolly.
17:32 of 2nd period - Shot Misses the Net.
17:34 of 2nd period - Wrist shot by Steven Kampfer.
17:34 of 2nd period - Stopped by Anton Khudobin with a rebound.
17:36 of 2nd period - Slapshot by Vladislav Namestnikov.
17:36 of 2nd period - Deflect By Brett Connolly.
17:36 of 2nd period - Shot Misses the Net.
17:36 of 2nd period - Puck is out of play.
17:37 of 2nd period - Eric Staal wins face-off versus T.J. Oshie in Wild zone.
17:38 of 2nd period - Wrist shot by Zach Parise.
17:38 of 2nd period - Shot Misses the Net.
17:47 of 2nd period - Off-side.
17:48 of 2nd period - Jack Eichel wins face-off versus Zach Parise in neutral zone.
17:51 of 2nd period - Snap shot by Ryan Suter.
17:51 of 2nd period - Stopped by David Rittich without a rebound.
17:52 of 2nd period - Jack Eichel wins face-off versus Eric Staal in Blackhawks zone.
18:01 of 2nd period - Wrist shot by Jack Eichel.
18:01 of 2nd period - Goal by Jack Eichel - Blackhawks : 1 - Wild : 3.
18:02 of 2nd period - Eric Staal wins face-off versus Brad Marchand in neutral zone.
18:36 of 2nd period - Snap shot by Andrew Shaw.
18:36 of 2nd period - Stopped by Anton Khudobin without a rebound.
18:37 of 2nd period - Evgeny Kuznetsov wins face-off versus Mikael Backlund in Wild zone.
Goals for this period are 0 for Blackhawks vs 3 for Wild.
Shots for this period are 11 for Blackhawks vs 13 for Wild.

3rd period


0:01 of 3rd period - Eric Staal wins face-off versus Jack Eichel in neutral zone.
0:25 of 3rd period - Alex Steen is hit by Frank Vatrano and loses puck.
0:34 of 3rd period - Evgeny Kuznetsov is hit by Austin Strand and loses puck.
0:51 of 3rd period - Snap shot by Chris Tierney.
0:51 of 3rd period - Shot Blocked by Brett Connolly.
0:55 of 3rd period - Snap shot by Chris Tierney.
0:55 of 3rd period - Shot Blocked by Yanni Gourde.
1:07 of 3rd period - Slapshot by Lawson Crouse.
1:07 of 3rd period - Shot Misses the Net.
1:09 of 3rd period - Snap shot by Christian Dvorak.
1:09 of 3rd period - Deflect By Gavin Bayreuther.
1:09 of 3rd period - Stopped by David Rittich with a rebound.
1:11 of 3rd period - Slapshot by Ryan Hartman.
1:11 of 3rd period - Shot Misses the Net.
1:31 of 3rd period - Snap shot by T.J. Oshie.
1:31 of 3rd period - Deflect By Evgeny Kuznetsov.
1:31 of 3rd period - Stopped by David Rittich without a rebound.
1:32 of 3rd period - Eric Staal wins face-off versus Evgeny Kuznetsov in Blackhawks zone.
1:37 of 3rd period - Brayden McNabb is hit by Eric Staal and loses puck.
1:56 of 3rd period - Wrist shot by Evgeny Kuznetsov.
1:56 of 3rd period - Stopped by David Rittich with a rebound.
2:18 of 3rd period - Eric Staal is hit by Frank Vatrano and loses puck.
2:25 of 3rd period - Wrist shot by T.J. Oshie.
2:25 of 3rd period - Deflect By Frank Vatrano.
2:25 of 3rd period - Shot Blocked by Cam Atkinson.
2:25 of 3rd period - Puck is out of play.
2:26 of 3rd period - Mikael Backlund wins face-off versus Jack Eichel in Blackhawks zone.
3:01 of 3rd period - Snap shot by Brad Marchand.
3:01 of 3rd period - Stopped by David Rittich with a rebound.
3:03 of 3rd period - Slapshot by Jack Eichel.
3:03 of 3rd period - Shot Misses the Net.
3:05 of 3rd period - Slapshot by Kris Letang.
3:05 of 3rd period - Shot Blocked by Vladislav Namestnikov.
3:21 of 3rd period - Snap shot by Jack Eichel.
3:21 of 3rd period - Shot Misses the Net.
3:23 of 3rd period - Slapshot by Jack Eichel.
3:23 of 3rd period - Shot Misses the Net.
3:31 of 3rd period - Backhand shot by Brad Marchand.
3:31 of 3rd period - Shot Misses the Net.
3:33 of 3rd period - Slapshot by Marc Staal.
3:33 of 3rd period - Shot Blocked by Brett Connolly.
3:35 of 3rd period - Snap shot by Brad Marchand.
3:35 of 3rd period - Stopped by David Rittich without a rebound.
3:36 of 3rd period - Alex Steen wins face-off versus Evgeny Kuznetsov in Blackhawks zone.
4:01 of 3rd period - Niklas Hjalmarsson is hit by Chris Tierney and loses puck.
4:28 of 3rd period - Snap shot by Lawson Crouse.
4:28 of 3rd period - Stopped by David Rittich with a rebound.
4:30 of 3rd period - Snap shot by Ryan Hartman.
4:30 of 3rd period - Shot Blocked by Mikael Backlund.
4:32 of 3rd period - Wrist shot by Lawson Crouse.
4:32 of 3rd period - Stopped by David Rittich with a rebound.
4:34 of 3rd period - Snap shot by Lawson Crouse.
4:34 of 3rd period - Stopped by David Rittich with a rebound.
4:56 of 3rd period - Minor Penalty to Tyler Bertuzzi for Hooking.
4:57 of 3rd period - Zach Parise wins face-off versus Jack Eichel in Blackhawks zone.
5:31 of 3rd period - Wrist shot by Evgeny Kuznetsov.
5:31 of 3rd period - Deflect By Gavin Bayreuther.
5:31 of 3rd period - Goal by Evgeny Kuznetsov - Blackhawks : 1 - Wild : 4.
5:32 of 3rd period - Eric Staal wins face-off versus Jack Eichel in neutral zone.
6:35 of 3rd period - Wrist shot by Vladislav Namestnikov.
6:35 of 3rd period - Shot Blocked by Ryan Suter.
6:37 of 3rd period - Snap shot by Gavin Bayreuther.
6:37 of 3rd period - Deflect By Ryan Suter.
6:37 of 3rd period - Stopped by Anton Khudobin with a rebound.
6:44 of 3rd period - Icing by Ryan Suter.
6:45 of 3rd period - Luke Kunin wins face-off versus Christian Dvorak in Wild zone.
8:42 of 3rd period - Snap shot by Jakob Silfverberg.
8:42 of 3rd period - Shot Blocked by Eric Staal.
8:44 of 3rd period - Snap shot by Brad Marchand.
8:44 of 3rd period - Stopped by David Rittich with a rebound.
8:54 of 3rd period - Minor Penalty to Eric Staal for Tripping.
8:55 of 3rd period - Jack Eichel wins face-off versus Zach Parise in Blackhawks zone.
9:20 of 3rd period - Zach Parise is hit by Frank Vatrano and loses puck.
10:54 of 3rd period - Penalty to Eric Staal is over, Eric Staal is back on ice.
11:12 of 3rd period - Carl Hagelin is hit by Ryan Suter and loses puck.
12:05 of 3rd period - Evgeny Kuznetsov is hit by Vladislav Namestnikov and loses puck.
12:24 of 3rd period - Christian Dvorak is hit by Markus Nutivaara and loses puck.
12:51 of 3rd period - Eric Staal is hit by Evgeny Kuznetsov and loses puck.
13:02 of 3rd period - Zach Parise is hit by Adrian Kempe and loses puck.
13:31 of 3rd period - Yanni Gourde is hit by Ryan Suter.
13:40 of 3rd period - Brad Marchand is hit by Brett Connolly and loses puck.
14:20 of 3rd period - William Nylander is hit by Mikael Backlund and loses puck.
15:54 of 3rd period - Evgeny Kuznetsov is hit by Gavin Bayreuther and loses puck.
16:16 of 3rd period - Snap shot by Jack Eichel.
16:16 of 3rd period - Shot Blocked by Austin Strand.
16:18 of 3rd period - Wrist shot by Jakob Silfverberg.
16:18 of 3rd period - Shot Misses the Net.
18:07 of 3rd period - Carl Hagelin is hit by Chris Tierney and loses puck.
18:40 of 3rd period - Snap shot by T.J. Oshie.
18:40 of 3rd period - Stopped by David Rittich without a rebound.
18:41 of 3rd period - Evgeny Kuznetsov wins face-off versus Eric Staal in Blackhawks zone.
18:44 of 3rd period - Snap shot by Evgeny Kuznetsov.
18:44 of 3rd period - Shot Misses the Net.
18:52 of 3rd period - Snap shot by Evgeny Kuznetsov.
18:52 of 3rd period - Stopped by David Rittich without a rebound.
18:53 of 3rd period - Cam Atkinson wins face-off versus Jack Eichel in Blackhawks zone.
19:18 of 3rd period - Niklas Hjalmarsson is hit by T.J. Oshie and loses puck.
19:27 of 3rd period - Snap shot by Andy Greene.
19:27 of 3rd period - Stopped by Anton Khudobin without a rebound.
19:28 of 3rd period - Zach Parise wins face-off versus Jack Eichel in Wild zone.
19:29 of 3rd period - Snap shot by Eric Staal.
19:29 of 3rd period - Shot Blocked by Marc Staal.
19:31 of 3rd period - Wrist shot by Markus Nutivaara.
19:31 of 3rd period - Stopped by Anton Khudobin without a rebound.
19:32 of 3rd period - Eric Staal wins face-off versus Jack Eichel in Wild zone.
19:33 of 3rd period - Wrist shot by Zach Parise.
19:33 of 3rd period - Deflect By Eric Staal.
19:33 of 3rd period - Shot Misses the Net.
19:33 of 3rd period - Puck is out of play.
19:34 of 3rd period - Jack Eichel wins face-off versus Eric Staal in Wild zone.
19:47 of 3rd period - Wrist shot by Jack Eichel.
19:47 of 3rd period - Shot Misses the Net.
19:49 of 3rd period - Slapshot by Marc Staal.
19:49 of 3rd period - Shot Misses the Net.
19:51 of 3rd period - Snap shot by Jakob Silfverberg.
19:51 of 3rd period - Goal by Jakob Silfverberg - Blackhawks : 1 - Wild : 5.
19:52 of 3rd period - Jack Eichel wins face-off versus Eric Staal in neutral zone.
Goals for this period are 0 for Blackhawks vs 2 for Wild.
Shots for this period are 3 for Blackhawks vs 13 for Wild.